 Dungeon Crawl Stone Soup version 0.20.1-1-g8b1a95d (webtiles) character file.

396 Folque the Magician (level 6, -2/39 HPs)
             Began as an Octopode Wizard on Nov 22, 2017.
             Killed from afar by an orc wizard (11 damage)
             ... with a magic dart
             ... on level 4 of the Dungeon.
             The game lasted 00:13:56 (3813 turns).

Folque the Magician (Octopode Wizard)               Turns: 3813, Time: 00:13:56

Health: -2/39      AC:  1    Str:  7    XL:     6   Next: 82%
Magic:  1/12       EV: 13    Int: 28    God:
Gold:   202        SH:  0    Dex: 10    Spells: 5/13 levels left

rFire    . . .     SeeInvis .   y - +0 long sword
rCold    . . .     Gourm    .   (no shield)
rNeg     . . .     Faith    .   a - +0 hat
rPois    .         Spirit   .   (no amulet)
rElec    .         Reflect  .   o - +6 ring of intelligence
rCorr    .         Harm     .   (no ring)
MR       .....                  (no ring)
Stlth    +++.......             (no ring)
Regen    0.2/turn               (no ring)
MPRegen  0.2/turn               (no ring)
                                (no ring)
                                (no ring)

@: no status effects
A: almost no armour, stealthy swim, amphibious, 8 rings, constrict 8, camouflage
1, gelatinous body 1
a: no special abilities


You were on level 4 of the Dungeon.
You were not hungry.

You visited 1 branch of the dungeon, and saw 4 of its levels.

You collected 202 gold pieces.

Inventory:

Hand Weapons
 g - a +0 hand axe
 h - a +0 spear
 y - a +0 long sword (weapon)
Armour
 a - a +0 hat (worn)
Magical Staves
 u - an uncursed staff of fire
Jewellery
 o - a +6 ring of intelligence (left tentacle)
Wands
 t - a wand of disintegration (14/24)
Scrolls
 d - a scroll of teleportation {unknown}
 k - a scroll of remove curse
 m - a scroll of fog {unknown}
 n - a scroll of enchant weapon {unknown}
 x - a scroll of identify {unknown}
 z - 3 scrolls of amnesia {unknown}
Potions
 e - 2 potions of lignification {unknown}
 f - a potion of brilliance {unknown}
 j - 3 potions of curing {unknown}
 l - 3 potions of might {unknown}
 p - 2 potions of flight {unknown}
 q - a potion of invisibility {unknown}
 r - a potion of haste {unknown}
 s - 2 potions of degeneration {unknown}
Books
 b - a book of Minor Magic

   Spells                             Type                      Level
   a - Magic Dart                     Conjuration                  1
   b - Blink                          Translocation                2
   c - Call Imp                       Summoning                    2
   d - Slow                           Hexes                        2
   e - Conjure Flame                  Conjuration/Fire             3
   f - Mephitic Cloud                 Conjuration/Poison/Air       3
 A - a book of Cantrips

   Spells                             Type                      Level
   a - Confusing Touch                Hexes                        1
   b - Animate Skeleton               Necromancy                   1
   c - Summon Small Mammal            Summoning                    1
   d - Apportation                    Translocation                1
Comestibles
 c - 4 bread rations
 i - 2 meat rations
 v - 9 chunks of flesh
 w - 2 royal jellies


   Skills:
 - Level 2.0 Fighting
 - Level 2.0 Dodging
 - Level 2.6 Stealth
 + Level 4.0 Spellcasting
 * Level 3.8 Conjurations
 + Level 2.8 Summonings
 - Level 1.0 Translocations
 - Level 3.3 Poison Magic


You had 5 spell levels left.
You knew the following spells:

 Your Spells              Type           Power        Failure   Level  Hunger
a - Magic Dart            Conj           ####         1%          1    None
b - Call Imp              Summ           ###.....     3%          2    None
c - Blink                 Tloc           N/A          8%          2    None
d - Mephitic Cloud        Conj/Pois/Air  ###.....     9%          3    ##.....


Dungeon Overview and Level Annotations

Branches:
Dungeon (4/15)
 Temple: D:4-7

Altars:
Cheibriados
Fedhas
Kikubaaqudgha
Nemelex Xobeh
Okawaru
Vehumet


Innate Abilities, Weirdness & Mutations

You cannot wear most types of armour.
You are very stealthy in the water. (Stealth+)
You are amphibious.
You can wear up to eight rings at the same time.
You can use your tentacles to constrict eight enemies at once.
Your skin changes colour to match your surroundings (Stealth+).
Your rubbery body absorbs attacks. (AC +1, EV +1)


Message History

You blink.
Your crimson imp hits the bullfrog zombie.
Casting: Blink
Confirm with . or Enter, or press ? or * to list all spells.
A metallic apparition takes form in the air.
Casting: Call Imp
Confirm with . or Enter, or press ? or * to list all spells.
You blink.
The bullfrog zombie hits you but does no damage.
Your crimson imp hits the bullfrog zombie.
Something hits your iron imp.
Your crimson imp hits the orc.
The bullfrog zombie hits you.
* * * LOW HITPOINT WARNING * * *
Casting: Blink
Confirm with . or Enter, or press ? or * to list all spells.
You blink.
The orc wizard casts a spell at you. The magic dart hits you!
You die...

#......#.......#.#.....
#..............#.#.#...
#....#......#.#.....
####...ยง....##.#.#.####
#......Z######.#.#..5..
#......o(#####.#5#.#...
#......5.#.....#'#.#...
#....5...#.........#...
#.....@..#.............
#..o#####...##.........
#..o #...##.#.......
#... ........#.......
#... ###...####......
#... ..... ...... #...
...### ...... #### ....


You could see an orc wizard, an orc, a bullfrog zombie, a friendly iron imp and
a friendly crimson imp.

Vanquished Creatures
  Grinder (D:4)
  A howler monkey (D:4)
  A bullfrog skeleton (D:4)
  A worker ant (D:4)
  2 adders
  An ooze (D:2)
  A dart slug (D:3)
  2 leopard geckos
  5 orcs
  A ball python (D:2)
  4 bats
  4 giant cockroaches
  5 goblins
  7 hobgoblins
  6 jackals
  A quokka (D:4)
  A frilled lizard (D:1)
  9 kobolds
  11 rats
64 creatures vanquished.

Vanquished Creatures (collateral kills)
  A hound (D:4)
  2 adders
  5 worms
  3 jackals
  A kobold (D:3)
  A rat (D:2)
13 creatures vanquished.

Grand Total: 77 creatures vanquished

Notes
Turn   | Place    | Note
-------+----------+-------------------------------------------
     0 | D:1      | Folque the Octopode Wizard began the quest for the Orb.
     0 | D:1      | Reached XP level 1. HP: 11/11 MP: 4/4
   232 | D:1      | Reached skill level 1 in Fighting
   344 | D:1      | Reached XP level 2. HP: 11/18 MP: 6/6
   351 | D:1      | Learned a level 2 spell: Call Imp
   354 | D:1      | Learned a level 2 spell: Blink
   942 | D:1      | Reached XP level 3. HP: 22/24 MP: 7/7
   947 | D:1      | Learned a level 3 spell: Mephitic Cloud
  1286 | D:2      | Found an iron altar of Okawaru.
  1286 | D:2      | Found a snail-covered altar of Cheibriados.
  1317 | D:2      | Reached skill level 1 in Poison Magic
  1618 | D:2      | Found a faded altar of an unknown god.
  1845 | D:2      | Reached XP level 4. HP: 13/29 MP: 6/9
  2275 | D:2      | Found a sparkling altar of Nemelex Xobeh.
  2275 | D:2      | Found a radiant altar of Vehumet.
  2276 | D:2      | Found an ancient bone altar of Kikubaaqudgha.
  2277 | D:2      | Found a blossoming altar of Fedhas.
  3399 | D:4      | Noticed Grinder
  3507 | D:4      | Reached XP level 5. HP: 24/34 MP: 10/10
  3712 | D:4      | Killed Grinder
  3712 | D:4      | Reached XP level 6. HP: 39/39 MP: 8/11
  3785 | D:4      | Reached skill level 4 in Spellcasting
  3813 | D:4      | Killed from afar by an orc wizard

Skill      XL: |  1  2  3  4  5  6 |
---------------+-------------------+-----
Fighting       | 1 2 |  2.0
Poison Magic   | 1 3 |  3.3
Conjurations   | 3 |  3.8
Summonings     | 2 |  2.8
Spellcasting   | 4 |  4.0
Dodging        | |  2.0
Stealth        | |  2.6
Translocations | |  1.0

Action                   |  1- 3 |  4- 6 || total
-------------------------+-------+-------++-------
Melee: Unarmed           |     7 |       ||     7
       Spear             |   111 |   101 ||   212
       Tentacles         |    10 |    11 ||    21
       Club              |     4 |       ||     4
       Constrict         |    17 |    22 ||    39
       Long sword        |       |    31 ||    31
 Cast: Magic Dart        |     7 |     2 ||     9
       Call Imp          |     4 |    18 ||    22
       Blink             |       |     5 ||     5
       Mephitic Cloud    |       |     2 ||     2
  Use: Scroll            |       |     1 ||     1
 Stab: Sleeping          |    15 |     8 ||    23
       Distracted        |       |     1 ||     1
       Confused          |       |     1 ||     1
  Eat: Chunk             |     3 |     7 ||    10
Armor: Skin              |     4 |     3 ||     7
Dodge: Dodged            |    45 |    62 ||   107
       Rpst.: Long sword |       |     8 ||     8
